 Dungeon Crawl Stone Soup version 0.21-a0-509-gecc5317 (webtiles) character file.

95 slep the Chopper (level 4, 0/23 HPs)
             Began as a Vine Stalker Gladiator on Dec 1, 2017.
             Slain by an ice beast (1 damage)
             ... on level 3 of the Dungeon.
             The game lasted 00:06:01 (1857 turns).

slep the Chopper (Vine Stalker Gladiator)           Turns: 1857, Time: 00:06:02

Health: 0/23       AC:  4    Str: 17    XL:     4   Next: 66%
Magic:  0/5        EV: 13    Int:  8    God:
Gold:   126        SH:  0    Dex: 16    Spells: 3/3 levels left

rFire    . . .     SeeInvis .   a - +0 war axe
rCold    . . .     Gourm    .   (no shield)
rNeg     + . .     Faith    .   j - +0 leather armour (curse)
rPois    .         Spirit   +   c - +0 helmet
rElec    .         Reflect  .   (no cloak)
rCorr    .         Harm     .   (no gloves)
MR       .....                  (no boots)
Stlth    ++........             (no amulet)
HPRegen  0.47/turn              k - ring of positive energy
MPRegen  0.09/turn              (no ring)

@: no status effects
A: fangs 2, regeneration 1, magic shield, antimagic bite, no potion heal 3, rot
immunity
a: no special abilities


You were on level 3 of the Dungeon.
You were not hungry.

You visited 1 branch of the dungeon, and saw 3 of its levels.

You collected 126 gold pieces.

Inventory:

Hand Weapons
 a - a +0 war axe (weapon)
 u - a +0 blowgun
Missiles
 d - 2 throwing nets (quivered)
 q - 8 steel javelins
 v - 13 poisoned needles
Armour
 b - a +0 leather armour
 c - a +0 helmet (worn)
 j - a cursed +0 leather armour (worn)
Jewellery
 k - a ring of positive energy (left hand)
 n - a +3 amulet of reflection
Scrolls
 e - 2 scrolls of teleportation {unknown}
 g - 4 scrolls of identify {unknown}
 h - a scroll of amnesia {unknown}
 l - 2 scrolls of enchant armour {unknown}
 o - a scroll of magic mapping {unknown}
 t - a scroll of fear {unknown}
 x - a scroll of enchant weapon {unknown}
Potions
 i - 2 potions of heal wounds {unknown}
 m - 2 potions of flight {unknown}
 p - a potion of might {unknown}
Comestibles
 f - 2 bread rations
 r - 4 fruits
 s - a meat ration
 w - 4 chunks of flesh


   Skills:
 + Level 2.2 Fighting
 + Level 3.7 Axes
 + Level 1.7 Throwing
 + Level 0.9 Armour
 + Level 2.9 Dodging
 + Level 1.1 Stealth


You had 3 spell levels left.
You didn't know any spells.

Dungeon Overview and Level Annotations

Branches:
Dungeon (3/15)

Altars:
Uskayaw


Innate Abilities, Weirdness & Mutations

You have extremely sharp teeth.
Your natural rate of healing is unusually fast.
When hurt, damage is shared between your health and your magic reserves.
Your bite disrupts and absorbs the magic of your enemies.
Potions cannot restore your health.
You are immune to rotting.


Message History

You hit the ice beast. You bite the ice beast. You drain its power.
You feel invigorated.
The ice beast is heavily wounded.
The ice beast struggles against the net.
You hit the ice beast.
The ice beast is severely wounded.
The ice beast struggles against the net. x2
You hit the ice beast.
The ice beast is severely wounded.
The ice beast struggles against the net.
You slash the ice beast!
The ice beast is almost dead.
The ice beast struggles against the net.
The net rips apart, and the ice beast comes free!
You hit the ice beast but do no damage. Your bite misses the ice beast.
The ice beast is almost dead.
The ice beast hits you. The ice beast freezes you!
* * * LOW HITPOINT WARNING * * *
The ice beast hits you.
You die...

.......###.<.....#
####.### #.......#
#.#####.......#
#..†......#####
#########.## #.†##
##..### ..# ##...# #.##
###@##### ####.. #Y....#
.....# #.)......# .....#
..........#
.....#########...###....#
.........<.....### ....#
#.)†..# #### .... ..###.#
... ### #.### .. ...


You could see an ice beast.

Vanquished Creatures
  2 adders (D:2)
  An ooze (D:2)
  2 worms
  A leopard gecko (D:1)
  5 orcs (D:3)
  5 giant cockroaches
  6 hobgoblins
  2 jackals (D:2)
  A quokka (D:2)
  3 ball pythons
  7 bats
  A frilled lizard (D:2)
  7 goblins
  5 kobolds
  13 rats
61 creatures vanquished.

Notes
Turn   | Place    | Note
-------+----------+-------------------------------------------
     0 | D:1      | slep the Vine Stalker Gladiator began the quest for the Orb.
     0 | D:1      | Reached XP level 1. HP: 11/11 MP: 2/2
   177 | D:1      | Reached XP level 2. HP: 12/15 MP: 3/3
   851 | D:2      | Reached skill level 3 in Axes
   890 | D:2      | Reached XP level 3. HP: 13/18 MP: 4/4
  1433 | D:2      | Gained mutation: Your natural rate of healing is unusually fast. [Vine Stalker growth]
  1433 | D:2      | Reached XP level 4. HP: 23/23 MP: 5/5
  1481 | D:2      | Found a hide-covered altar of Uskayaw.
  1666 | D:3      | Reached skill level 1 in Stealth
  1847 | D:3      | Noticed an ice beast
  1857 | D:3      | HP: 1/23 [ice beast (6)]
  1857 | D:3      | Slain by an ice beast

Vault maps used:
D:1:      mrwooster_arrival_statue_2, minmay_heptomino_h4
D:2:      lemuel_coloured_pillars_altar

Skill      XL: |  1  2  3  4 |
---------------+-------------+-----
Fighting       | 2 |  2.2
Axes           | 3 |  3.7
Stealth        | 1 |  1.1
Throwing       | |  1.7
Armour         | |  0.9
Dodging        | |  2.9

Action                   |  1- 3 |  4- 6 || total
-------------------------+-------+-------++-------
Melee: War axe           |    72 |    62 ||   134
       Bite              |    16 |    12 ||    28
Throw: Throwing net      |       |     1 ||     1
 Stab: Sleeping          |     2 |     2 ||     4
  Eat: Chunk             |     2 |     1 ||     3
Armor: Leather armour    |    21 |    21 ||    42
Dodge: Dodged            |    47 |    41 ||    88

Table legend:
 A = Spawn XP
 B = Non-spawn XP
 C = Spawn XP percentage of total XP
 D = Spawn monster count
 E = Non-spawn monster count
 F = Spawn count percentage of total count
 G = Total turns spent on level
                    A         B        C        D         E        F      G
               +---------+---------+-------+---------+---------+-------+---------
         Total |       0 |     137 |   0.0 |       0 |      61 |   0.0 |  1857
               +---------+---------+-------+---------+---------+-------+---------
           D:1 |       0 |      24 |   0.0 |       0 |      17 |   0.0 |   825
           D:2 |       0 |      71 |   0.0 |       0 |      25 |   0.0 |   795
           D:3 |       0 |      42 |   0.0 |       0 |      19 |   0.0 |   237
               +---------+---------+-------+---------+---------+-------+---------
